 Dungeon Crawl Stone Soup version 0.23.2-1-ga50397a6bc (webtiles) character file.

Game seed: 1777465536276671004

15771 tellerius the Basher (level 12, 0/92 HPs)
             Began as a Demonspawn Fighter on June 1, 2019.
             Was an Elder of Wu Jian.
             Succumbed to a naga ritualist's toxic radiance
             ... on level 1 of the Snake Pit.
             The game lasted 01:11:24 (12199 turns).

tellerius the Basher (Demonspawn Fighter)          Turns: 12199, Time: 01:11:25

Health: 0/92       AC: 13    Str: 31    XL:     12   Next: 4%
Magic:  0/13       EV: 14    Int: 11    God:    Wu Jian [****..]
Gold:   486        SH: 13    Dex: 19    Spells: 11/11 levels left

rFire    . . .     SeeInvis +   K - +7 dagger "Rueptonk" {drain, Str+6}
rCold    . . .     Gourm    .   y - +0 shield
rNeg     . . .     Faith    .   g - +1 leather armour of the Rose {-Tele +Fly Str+4}
rPois    .         Spirit   +   l - +1 helmet
rElec    +         Reflect  .   j - +0 cloak
rCorr    .         Harm     .   e - +1 pair of gloves
MR       .....     NoTele   +   q - +2 pair of boots
Stlth    +++++.....             B - amulet of guardian spirit
HPRegen  0.25/turn              t - ring of stealth
MPRegen  0.13/turn              a - ring of Zickyant {*Slow rElec Dex+5 SInv}

@: lethally poisoned (0 -> -34)
A: claws 1, thin skeletal structure 1, demonic guardian 2, powered by death 3
a: Wall Jump, Serpent's Lash, Renounce Religion, Evoke Flight


You were on level 1 of the Snake Pit.
You worshipped Wu Jian.
Wu Jian was greatly pleased with you.
You were not hungry.

You visited 3 branches of the dungeon, and saw 13 of its levels.
You also visited: Sewer.

You collected 1069 gold pieces.
You spent 583 gold pieces at shops.

Inventory:

Hand Weapons
 D - the +0 trident "Wonaumet" {elec, Fragile rElec rF+ rC+}
   (You found it on level 9 of the Dungeon)

   Occasionally, upon striking a foe, it will discharge some electrical energy
   and cause terrible harm.
   It protects you from fire.
   It protects you from cold.
   It insulates you from electricity.
   It will be destroyed if unequipped.
 E - the +6 hand axe of the Vaults {speed, rElec MR++ Str+2 Dex-3}
   (You found it on level 9 of the Dungeon)

   Attacks with this weapon are significantly faster.
   It affects your strength (+2).
   It affects your dexterity (-3).
   It insulates you from electricity.
   It affects your resistance to hostile enchantments.
 K - the +7 dagger "Rueptonk" (weapon) {drain, Str+6}
   (You found it on level 1 of the Lair of Beasts)

   A truly terrible weapon, it drains the life of those it strikes.
   It affects your strength (+6).
Missiles
 k - 4 tomahawks (quivered)
Armour
 e - a +1 pair of gloves (worn)
 g - the +1 leather armour of the Rose (worn) {-Tele +Fly Str+4}
   (You found it in a sewer)

   It affects your strength (+4).
   It lets you fly.
   It prevents most forms of teleportation.
 j - a +0 cloak (worn)
 l - a +1 helmet (worn)
 q - a +2 pair of boots (worn)
 y - a +0 shield (worn)
 F - the +4 leather armour of Protective Custody {rN+ Int+3 Slay-4}
   (You found it on level 9 of the Dungeon)

   It affects your intelligence (+3).
   It affects your accuracy and damage with ranged weapons and melee attacks
   (-4).
   It protects you from negative energy.
Jewellery
 a - the ring of Zickyant (right hand) {*Slow rElec Dex+5 SInv}
   (You bought it in a shop on level 6 of the Dungeon)

   [ring of see invisible]

   It affects your dexterity (+5).
   It insulates you from electricity.
   It lets you see invisible.
   It may slow you when you take damage.
 r - an uncursed ring of flight
 s - an uncursed ring of poison resistance
 t - a ring of stealth (left hand)
 x - an uncursed ring of magical power
 B - an amulet of guardian spirit (around neck)
 C - an uncursed ring of magical power
Wands
 c - a wand of polymorph (4)
 i - a wand of enslavement (20)
 m - a wand of iceblast (7)
 w - a wand of random effects (7)
 A - a wand of acid (8)
 G - a wand of flame (10)
 L - a wand of paralysis (7)
Scrolls
 b - 3 scrolls of blinking
 h - 2 scrolls of fog
 p - 7 scrolls of teleportation
 H - 2 scrolls of identify
 I - a scroll of fear
 J - a scroll of amnesia
 M - 2 scrolls of remove curse
Potions
 d - a potion of might
 n - 4 potions of flight
 o - a potion of brilliance
 u - 4 potions of curing
 z - 2 potions of berserk rage
Miscellaneous
 v - a lightning rod (4/4)
Comestibles
 f - 22 rations


   Skills:
 + Level 7.8 Fighting
 + Level 5.4(5.6) Short Blades
   Level 2.1(4.0) Long Blades
 + Level 6.1(8.2) Axes
   Level 8.6(9.4) Maces & Flails
 + Level 5.6 Armour
 + Level 5.1 Dodging
 + Level 5.7 Stealth
 + Level 8.0 Shields
 + Level 1.8 Evocations


You had 11 spell levels left.
You didn't know any spells.
Your spell library contained the following spells:

 Spells                   Type           Power        Failure   Level  Hunger
 Apportation              Tloc           #.....       67%         1    ##.....
 Beastly Appendage        Tmut           #.....       67%         1    ##.....
 Corona                   Hex            #......      67%         1    ##.....
 Flame Tongue             Conj/Fire      #....        67%         1    ##.....
 Magic Dart               Conj           #...         67%         1    ##.....
 Blink                    Tloc           N/A          82%         2    ###....
 Call Imp                 Summ           #.......     82%         2    ###....
 Slow                     Hex            #.......     82%         2    ###....
 Sticks to Snakes         Tmut           #.......     82%         2    ###....
 Throw Flame              Conj/Fire      #.....       82%         2    ###....
 Conjure Flame            Conj/Fire      #.......     96%         3    ####...
 Inner Flame              Hex/Fire       #.......     96%         3    ####...
 Mephitic Cloud           Conj/Pois/Air  #.......     96%         3    ####...
 Recall                   Summ/Tloc      N/A          96%         3    ####...
 Spider Form              Tmut/Pois      #.........   96%         3    ####...
 Force Lance              Conj/Tloc      #.......     100%        4    #####..
 Ice Form                 Ice/Tmut       #.......     100%        4    #####..
 Leda's Liquefaction      Hex/Erth       #.........   100%        4    #####..
 Sticky Flame             Conj/Fire      #.......     100%        4    #####..
 Blade Hands              Tmut           #.........   100%        5    ######.
 Bolt of Magma            Conj/Fire/Erth #.........   100%        5    ######.
 Fireball                 Conj/Fire      #.........   100%        5    ######.
 Dispersal                Tloc           #.........   100%        6    #######
 Iron Shot                Conj/Erth      #.........   100%        6    #######
 Statue Form              Tmut/Erth      #........    100%        6    #######
 Shatter                  Erth           #.........   100%        9    #######


Dungeon Overview and Level Annotations

Branches:
Dungeon (9/15)             Temple (0/1) D:7            Lair (3/6) D:9
  Snake (1/4) Lair:3
  Swamp: Lair:2-4    Shoals: Lair:2-4       Orc: D:9-12

Altars:
Ashenzari
Cheibriados
Dithmenos
Gozag
Makhleb
Okawaru
Qazlal
Ru
Sif Muna
Trog
Uskayaw
Wu Jian
Xom
The Shining One

Shops:
D:6 =   D:8 !   D:9 !*:*

Portals:
Gauntlet: Lair:3


Innate Abilities, Weirdness & Mutations

You have sharp fingernails.
You have a somewhat thin skeletal structure. (Dex +2, Stealth)
A demonic guardian rushes to your aid.
You regenerate a lot of health from kills.


Message History

You feel sick.
You are more poisoned.
You block the black mamba's attack. x2
You feel sick. You block the black mamba's attack.
You miss the black mamba.
The black mamba is moderately wounded.
You feel sick. You block the black mamba's attack. The black mamba bites you!
* * * LOW HITPOINT WARNING * * *
You are lethally poisoned!
The black mamba poisons you!
You puncture the black mamba! You drain the black mamba.
The black mamba is heavily wounded.
* * * LOW HITPOINT WARNING * * *
You feel sick.
* * * LOW HITPOINT WARNING * * *
You are more poisoned.
The black mamba bites you!
* * * LOW HITPOINT WARNING * * *
You block the black mamba's attack.
Your sixfirhy misses the black mamba.
You die...

...#.##..#..............## ...
....#....#...............####....
###..)......#...................
.........N..##....## ............
...................# #..........
....#.....N........####..........
... #.........#......#...........
......#......####................
. ....#...[#..##@.......)........
..#..#..#.#.SS..................
.##.....#....S3............."...
#....#..)...........[........
#...#....##.........#.##....#
.........####......#..#...###
........# .......#..#...#
....#.... ......##..#..##
...##.... ...###..##..#


You could see 3 black mambas and a friendly sixfirhy.

Vanquished Creatures
  3 black mambas
  3 spiny frogs
  A komodo dragon (Lair:1)
  A freezing wraith (D:9)
  A troll (D:9)
  2 blink frogs (Lair:1)
  6 hippogriffs
  4 yaks
  2 wyverns (Lair:2)
  The ghost of tellerius the Shield-Bearer, an amateur HOFi of Makhleb (D:3)
  Edmund (D:4)
  2 nagas (Snake:1)
  3 water moccasins
  2 porcupines
  2 orc warriors (D:9)
  2 ice beasts
  A sky beast (D:8)
  A black bear (D:7)
  9 ogres
  A phantom (D:8)
  A necrophage (D:9)
  3 wolves (Lair:1)
  5 centaurs
  3 crocodiles (Lair:2)
  A big kobold (D:9)
  9 bullfrogs
  A wyvern zombie (D:7)
  3 scorpions
  7 wights (D:9)
  3 howler monkeys
  5 crimson imps
  A quasit (D:6)
  3 hounds
  2 jellies
  3 bullfrog skeletons
  3 orc priests
  8 orc wizards
  3 centaur skeletons
  3 iguanas
  Natasha (twice) (D:3)
  2 merfolk sirens (Sewer)
  8 worker ants
  A merfolk avatar (Sewer)
  2 hound zombies
  A hound skeleton (D:4)
  3 worker ant zombies (D:6)
  8 gnolls
  2 river rats (Sewer)
  21 adders
  2 shadow imps
  An adder zombie (D:9)
  2 adder skeletons (D:9)
  6 worms
  3 dart slugs
  An adder simulacrum (D:9)
  14 leopard geckos
  25 orcs
  9 bats
  13 giant cockroaches
  2 goblins (D:3)
  8 hobgoblins
  7 jackals
  5 quokkas
  6 ball pythons
  9 frilled lizards
  A giant cockroach zombie (D:5)
  14 kobolds
  A leopard gecko skeleton (D:6)
  A leopard gecko zombie (D:6)
  A quokka skeleton (D:5)
  A quokka zombie (D:6)
  29 rats
  A fungus (Lair:1)
327 creatures vanquished.

Vanquished Creatures (collateral kills)
  A hydra (Lair:2)
  A naga warrior (Snake:1)
  A mana viper (Snake:1)
  A naga mage (Snake:1)
  2 black mambas
  A gargoyle (D:9)
  3 spiny frogs (Lair:1)
  A rime drake (Lair:1)
  3 komodo dragons (Lair:1)
  A blink frog (Lair:1)
  5 yaks
  2 nagas (Snake:1)
  An acid dragon (D:9)
  An orc warrior (D:6)
  An ogre (D:4)
  3 wolves (Lair:1)
  Blork the orc (D:4)
  A scorpion (D:4)
  3 orcs
  A giant cockroach (D:8)
  A goblin (D:3)
  A jackal (D:5)
  A frilled lizard (Sewer)
37 creatures vanquished.

Vanquished Creatures (others)
  A shadow (D:9)
1 creature vanquished.

Grand Total: 365 creatures vanquished

Notes
Turn   | Place    | Note
-------+----------+-------------------------------------------
     0 | D:1      | tellerius the Demonspawn Fighter began the quest for the
                  | Orb.
     0 | D:1      | Reached XP level 1. HP: 18/18 MP: 1/1
   419 | D:1      | You fall through a shaft!
   698 | D:2      | Gained mutation: A weak demonic guardian rushes to your
                  | aid. [demonic ancestry]
   698 | D:2      | Reached XP level 2. HP: 24/24 MP: 2/2
   815 | D:2      | Reached XP level 3. HP: 28/29 MP: 3/3
  1602 | D:1      | Gained mutation: You have a somewhat thin skeletal
                  | structure. (Dex +2, Stealth) [demonic ancestry]
  1602 | D:1      | Reached XP level 4. HP: 35/35 MP: 4/4
  2128 | D:3      | Reached skill level 1 in Short Blades
  2150 | D:3      | Gained mutation: You regenerate a little health from kills.
                  | [demonic ancestry]
  2150 | D:3      | Reached XP level 5. HP: 33/41 MP: 5/5
  2228 | D:3      | Found a runed translucent door.
  2228 | D:3      | Noticed tellerius's ghost (amateur HOFi)
  2566 | D:3      | Killed tellerius's ghost
  2566 | D:3      | Reached skill level 1 in Dodging
  2703 | D:3      | Gained mutation: You have sharp fingernails. [demonic
                  | ancestry]
  2703 | D:3      | Reached XP level 6. HP: 47/47 MP: 6/6
  2884 | D:3      | Noticed Natasha
  2912 | D:3      | Killed Natasha
  2912 | D:3      | Reached skill level 1 in Stealth
  3006 | D:3      | Found a shimmering altar of Xom.
  3385 | D:3      | Noticed Natasha
  3393 | D:3      | Killed Natasha
  3471 | D:4      | Gained mutation: You regenerate health from kills. [demonic
                  | ancestry]
  3471 | D:4      | Reached XP level 7. HP: 34/54 MP: 7/7
  3654 | D:4      | Found a transporter.
  3661 | D:4      | Found a transporter.
  3760 | D:4      | Found an ornate altar of the Wu Jian Council.
  3781 | D:4      | Reached skill level 1 in Maces & Flails
  3781 | D:4      | Reached skill level 5 in Shields
  3846 | D:4      | Became a worshipper of the Wu Jian Council
  3919 | D:4      | Found an iron altar of Okawaru.
  3922 | D:4      | Noticed Edmund
  3938 | D:4      | Killed Edmund
  3938 | D:4      | Reached XP level 8. HP: 48/61 MP: 8/8
  3971 | D:4      | Noticed Blork the orc
  3978 | D:4      | Killed Blork the orc
  4244 | D:5      | Entered Level 5 of the Dungeon
  4454 | D:5      | Reached skill level 5 in Fighting
  4455 | D:5      | Reached * piety under Wu Jian
  4587 | D:5      | Found a glowing drain.
  4595 | Sewer    | Entered a sewer
  4911 | Sewer    | Reached ** piety under Wu Jian
  5011 | Sewer    | Got a jewelled leather armour
  5022 | Sewer    | Identified the cursed +1 leather armour of the Rose {-Tele
                  | +Fly Str+4} (You found it in a sewer)
  5244 | D:5      | Found an opulent altar of Gozag.
  5407 | D:5      | Reached skill level 5 in Maces & Flails
  5798 | D:5      | Gained mutation: You regenerate a lot of health from kills.
                  | [demonic ancestry]
  5798 | D:5      | Reached XP level 9. HP: 68/68 MP: 9/9
  5901 | D:6      | Found Vecoj's Jewellery Boutique.
  6073 | D:6      | Noticed a moth of wrath
  6075 | D:6      | Found a bloodstained altar of Trog.
  6714 | D:6      | Bought the ring of Zickyant {*Slow rElec Dex+5 SInv} for
                  | 440 gold pieces
  6784 | D:7      | Found a deep blue altar of Sif Muna.
  6795 | D:7      | Reached *** piety under Wu Jian
  6881 | D:7      | Found a staircase to the Ecumenical Temple.
  6917 | D:7      | Identified Sif Muna's Papyrus of Curses
  7101 | D:7      | Reached skill level 1 in Evocations
  7128 | D:7      | Found a sacrificial altar of Ru.
  7487 | D:8      | Found Fosoad's Distillery.
  7509 | D:8      | Bought a potion of curing for 39 gold pieces
  7509 | D:8      | Bought a potion of curing for 39 gold pieces
  7509 | D:8      | Bought a potion of heal wounds for 65 gold pieces
  7563 | D:8      | Found a hide-covered altar of Uskayaw.
  7563 | D:8      | Found a glowing golden altar of the Shining One.
  7564 | D:8      | Found a shattered altar of Ashenzari.
  7833 | D:8      | Reached skill level 5 in Armour
  8086 | D:8      | Found a burning altar of Makhleb.
  8445 | D:9      | Gained mutation: A demonic guardian rushes to your aid.
                  | [demonic ancestry]
  8445 | D:9      | Reached XP level 10. HP: 67/74 MP: 11/11
  8483 | D:9      | Found Mestru's Book Emporium.
  8557 | D:9      | Found a runed translucent door.
  8561 | D:9      | Found a runed translucent door.
  8561 | D:9      | Found a runed translucent door.
  8650 | D:9      | Noticed a gargoyle
  8653 | D:9      | Killed a gargoyle
  8658 | D:9      | Reached **** piety under Wu Jian
  8696 | D:9      | Found a runed translucent door.
  8759 | D:9      | Identified the Papyrus of Stones and the Traveller
  8761 | D:9      | Got an ancient trident
  8761 | D:9      | Got a brightly glowing hand axe
  8761 | D:9      | Got a fine leather armour
  8769 | D:9      | Identified the +0 trident "Wonaumet" {elec, Fragile rElec
                  | rF+ rC+} (You found it on level 9 of the Dungeon)
  8770 | D:9      | Identified the +4 leather armour of Protective Custody {rN+
                  | Int+3 Slay-4} (You found it on level 9 of the Dungeon)
  8771 | D:9      | Identified the +6 hand axe of the Vaults {speed, rElec MR++
                  | Str+2 Dex-3} (You found it on level 9 of the Dungeon)
  8851 | D:9      | Found a stormy altar of Qazlal.
  8863 | D:9      | Reached skill level 1 in Axes
  9140 | D:9      | Found Foteid's General Store.
  9214 | D:9      | Found a shadowy altar of Dithmenos.
  9271 | D:9      | Found Atimniqo's Assorted Antiques.
  9301 | D:9      | Found a snail-covered altar of Cheibriados.
  9365 | D:9      | Found Ostrefuet's Distillery.
  9482 | D:9      | Found a staircase to the Lair.
  9486 | Lair:1   | Entered Level 1 of the Lair of Beasts
  9487 | Lair:1   | Noticed a spiny frog
  9505 | Lair:1   | Killed a spiny frog
  9505 | Lair:1   | Reached XP level 11. HP: 67/83 MP: 12/12
  9776 | Lair:1   | Reached skill level 5 in Axes
 10024 | Lair:1   | Got a shimmering dagger
 10033 | Lair:1   | Identified the +7 dagger "Rueptonk" {drain, Str+6} (You
                  | found it on level 1 of the Lair of Beasts)
 11061 | Lair:2   | Noticed a seven-headed hydra
 11069 | Lair:2   | Killed a seven-headed hydra
 11230 | Lair:2   | Reached skill level 5 in Stealth
 11754 | Lair:3   | Found a gate leading to a gauntlet.
 11770 | Lair:3   | Found a staircase to the Snake Pit.
 11778 | Snake:1  | Entered Level 1 of the Snake Pit
 11780 | Snake:1  | Reached skill level 5 in Short Blades
 11829 | Snake:1  | Reached skill level 5 in Dodging
 11956 | Snake:1  | Noticed a naga warrior
 11967 | Snake:1  | Killed a naga warrior
 11967 | Snake:1  | Reached ***** piety under Wu Jian
 12133 | Snake:1  | Noticed a mana viper
 12144 | Snake:1  | Killed a mana viper
 12144 | Snake:1  | Reached XP level 12. HP: 66/92 MP: 0/13
 12198 | Snake:1  | HP: 3/92 [black mamba (10)]
 12199 | Snake:1  | Succumbed to a naga ritualist's toxic radiance

Skill      XL: |  1  2  3  4  5  6  7  8  9 10 11 |
---------------+----------------------------------+-----
Armour         | 3 4 5 |  5.6
Shields        | 3 4 5 6 7 8 |  8.0
Long Blades    | 2 |  2.1
Short Blades   | 1 2 3 4 5 |  5.4
Dodging        | 1 2 3 4 5 |  5.1
Stealth        | 1 2 3 5 |  5.7
Fighting       | 4 5 6 7 |  7.8
Maces & Flails | 1 5 7 8 |  8.6
Evocations     | 1 |  1.8
Axes           | 4 6 |  6.1

Action                   |  1- 3 |  4- 6 |  7- 9 | 10-12 || total
-------------------------+-------+-------+-------+-------++-------
Melee: Long sword        |    14 |       |       |       ||    14
       Dagger            |    89 |   182 |    76 |   156 ||   503
       Flail             |       |       |   605 |    76 ||   681
       Hand axe          |       |       |       |   218 ||   218
Invok: Lunge             |       |       |    28 |    27 ||    55
       Whirlwind         |       |       |    14 |    17 ||    31
       Serpent's Lash    |       |       |       |     1 ||     1
 Abil: Evoke Flight      |       |       |     2 |       ||     2
Evoke: Wand              |       |       |     1 |       ||     1
  Use: Scroll            |     6 |     2 |    11 |    10 ||    29
       Potion            |     5 |     6 |     8 |     3 ||    22
 Stab: Distracted        |       |     2 |       |     3 ||     5
       Sleeping          |       |       |    14 |    17 ||    31
  Eat: Chunk             |     2 |     3 |     8 |     6 ||    19
       Ration            |       |     1 |     3 |     2 ||     6
Armor: Scale mail        |    62 |     6 |       |       ||    68
       Plate armour      |       |    70 |   271 |       ||   341
       Leather armour    |       |       |   103 |    77 ||   180
Dodge: Dodged            |    25 |    14 |   177 |   139 ||   355
Block: Shield            |    48 |    67 |   341 |   199 ||   655
       Rpst.: Long sword |     1 |       |       |       ||     1
